 Dungeon Crawl Stone Soup version 0.29.1-12-g30fa7ad0bf (webtiles) character file.

Game seed: 4074514641766723616

95 DemonSlayer the Digger (level 4, -1/30 HPs)
             Began as a Demonspawn Earth Elementalist on Dec 24, 2022.
             Engulfed by a cloud of poison gas (2 damage)
             ... on level 2 of the Dungeon.
             The game lasted 00:04:40 (1659 turns).

DemonSlayer the Digger (DsEE)                       Turns: 1659, Time: 00:04:40

Health: -1/30      AC:  3    Str:  8    XL:     4   Next: 40%
Magic:  7/8        EV: 12    Int: 19    God:
Gold:   40         SH:  0    Dex: 13    Spells: 8/9 levels left

rFire   . . .      SeeInvis .   b - +0 flail
rCold   . . .      Faith    .   (no shield)
rNeg    . . .      Spirit   .   a - +0 robe
rPois   .          Reflect  .   (no helmet)
rElec   .          Harm     .   (no cloak)
rCorr   .          Rampage  .   (no gloves)
Will    .....                   f - +0 pair of boots
Stlth   ++........              e - amulet of regeneration
HPRegen 0.90/turn               (no ring)
MPRegen 0.11/turn               (no ring)

@: mighty, lethally poisoned (-1 -> -41)
A: powered by death 1
a: no special abilities


You were on level 2 of the Dungeon.
You visited 1 branch of the dungeon, and saw 2 of its levels.

You collected 40 gold pieces.

Inventory:

Hand Weapons
 b - a +0 flail (weapon)
Armour
 a - a +0 robe (worn)
 c - a +4 scale mail of cold resistance
 f - a +0 pair of boots (worn)
Jewellery
 e - an amulet of regeneration (around neck)
Wands
 h - a wand of paralysis (2)
Scrolls
 g - a scroll of identify
 j - a scroll of teleportation {unknown}


   Skills:
 + Level 0.1 Fighting
 + Level 1.9 Dodging
 + Level 2.0 Stealth
 + Level 3.1 Spellcasting
 + Level 0.8 Transmutations
 + Level 3.9 Earth Magic


You had 8 spell levels left.
You knew the following spells:

 Your Spells              Type           Power      Damage    Failure   Level
a - Sandblast             Erth           34%        2d9       3%          1

Your spell library contained the following spells:

 Spells                   Type           Power      Damage    Failure   Level
 Passwall                 Tmut/Erth      10%        N/A       9%          2
 Stone Arrow              Conj/Erth      20%        3d8       21%         3
 Petrify                  Tmut/Erth      12%        N/A       50%         4


Dungeon Overview and Level Annotations

Branches:
Dungeon (2/15)

Altars:

Shops:
D:2 !

Annotations:
D:2 Sigmund


Innate Abilities, Weirdness & Mutations

You regenerate a little health from kills.


Message History

You can't see any susceptible monsters within range! (Use Z to cast anyway.)
You can't see any susceptible monsters within range! (Use Z to cast anyway.)
You can't see any susceptible monsters within range! (Use Z to cast anyway.)
You can't see any susceptible monsters within range! (Use Z to cast anyway.)
You can't see any susceptible monsters within range! (Use Z to cast anyway.) Really read the scroll of poison?
The air fills with toxic fumes!
As you read the scroll of poison, it crumbles to dust.
Sigmund mumbles some strange words.
Sigmund flickers and vanishes!
Deactivating autopickup; reactivate with Ctrl-A.
Casting: Sandblast (safe; 3% risk of failure)
Confirm with . or Enter, or press ? or * to list all spells.
Aiming: Sandblast (safe; 3% risk of failure)
Press: ? - help, Shift-Dir - straight line You are confused.
You're too confused to cast spells.
It was a potion of might.
You feel very mighty all of a sudden.
You are too confused!
There is a strange disturbance nearby!
There is a strange disturbance nearby!
There is a strange disturbance nearby!
There is a strange disturbance nearby!
You are too confused!
There is a strange disturbance nearby!
You are engulfed in poison gas.
You are poisoned.
You feel very sick.
You feel very sick.
You are too confused!
You are engulfed in poison gas.
You are more poisoned.
You feel very sick.
You bump into the rock wall.
You are engulfed in poison gas.
You are lethally poisoned!
You feel less confused.
* * * LOW HITPOINT WARNING * * *
You feel extremely sick.
You are engulfed in poison gas.
You are more poisoned.
You die...

# #####
#.#####§#§########.#.
#...☼§○☼§☼☼§○§§°§..#.#
###.##○○°§§§.§○○§.§....#
#.....§§°§☼○###......#.#
#.#...§§###@# ##.##<#.#
#.##..# #.# #.#..#.# #
#..###.### #....#.#####
#.##........# #....†....
#.......~~~.######.#.†....
#.##..#..⌠~........†######
#.##......~.######..#
#.#.##..#.....# #....#
#.#.##..#.#.#.####...†#


There were no monsters in sight!

Vanquished Creatures
  Terence (D:2)
  A gnoll (D:2)
  3 adders (D:2)
  A dart slug (D:1)
  4 ball pythons
  An endoplasm (D:1)
  3 goblins (D:1)
  5 hobgoblins
  3 jackals (D:2)
  A kobold (D:1)
  3 bats
  4 frilled lizards
  2 rats
32 creatures vanquished.

Notes
Turn   | Place    | Note
-------+----------+-------------------------------------------
     0 | D:1      | DemonSlayer the Demonspawn Earth Elementalist began the
                  | quest for the Orb.
     0 | D:1      | Reached XP level 1. HP: 13/13 MP: 3/3
   399 | D:1      | Found a faded altar of an unknown god.
   410 | D:1      | Gained mutation: You regenerate a little health from kills.
                  | [demonic ancestry]
   410 | D:1      | Reached XP level 2. HP: 19/19 MP: 0/5
  1167 | D:2      | Found Ynatoeciav's Distillery.
  1174 | D:2      | Reached XP level 3. HP: 11/24 MP: 0/6
  1362 | D:2      | Noticed Terence
  1391 | D:2      | Killed Terence
  1392 | D:2      | Reached XP level 4. HP: 23/30 MP: 4/8
  1649 | D:2      | Noticed Sigmund
  1658 | D:2      | HP: 1/30 [poisoned by you (poison gas)]
  1659 | D:2      | Engulfed by a cloud of poison gas

Illustrated notes

Levels and vault maps discovered:
D:1:      kilobyte_arrival_exit_the_forest, layout_loops_ring,
          basic_ecumenical_altar, minmay_misc_feat_cross,
          nicolae_kite_square_tiling_tiny, chequers_big_river
D:2:      layout_basic, serial_shops, nicolae_shop_hallway_stairs,
          corexii_leaking_fountain, chequers_serial_rivers_micro_a,
          reono_crystal_passage, uniq_crazy_yiuf_cottage, uniq_terence,
          uniq_sigmund

Skill      XL: |  1  2  3  4 |
---------------+-------------+-----
Earth Magic    | 3 |  3.9
Stealth        | 2 |  2.0
Spellcasting   | 3 |  3.1
Fighting       | |  0.1
Dodging        | |  1.9
Transmutations | |  0.8

Action                   |  1- 3 |  4- 6 || total
-------------------------+-------+-------++-------
Melee: Unarmed           |    12 |       ||    12
       Flail             |       |     1 ||     1
 Cast: Sandblast         |    42 |    13 ||    55
  Use: Scroll            |     2 |     1 ||     3
       Potion            |     2 |     1 ||     3
Armor: Robe              |     4 |     1 ||     5
       Skin              |    38 |       ||    38
Dodge: Dodged            |    15 |     1 ||    16
